 Dungeon Crawl Stone Soup version 0.31-a0-188-g5e087ee2ca (webtiles) character file.

Game seed: 6101159881818123693

93 qw the Shooter (level 4, -4/25 HPs)
             Began as a Deep Elf Hunter on June 23, 2023.
             Slain by a gnoll
             ... wielding a +0 halberd
              (7 damage)
             ... on level 2 of the Dungeon.
             The game lasted 00:00:33 (1112 turns).

qw the Shooter (Deep Elf Hunter)                    Turns: 1112, Time: 00:00:34

Health: -4/25      AC:  6    Str: 10    XL:     4   Next: 36%
Magic:  6/6        EV: 11    Int: 14    God:
Gold:   44         SH:  0    Dex: 18    Spells: 3/3 levels left

rFire   . . .        Y - +1 shortbow
rCold   . . .        (shield currently unavailable)
rNeg    . . .        i - +0 ring mail
rPois   .            d - +1 hat
rElec   .            (no cloak)
rCorr   .            (no gloves)
SInv    .            (no boots)
Will    .....        (no amulet)
Stlth   +            (no ring)
HPRegen 0.24/turn    (no ring)
MPRegen 0.10/turn

%: no passive effects
@: about to teleport
A: no striking features
a: no special abilities


You were on level 2 of the Dungeon.
You visited 1 branch of the dungeon, and saw 2 of its levels.

You collected 44 gold pieces.


   Skills:
 - Level 1.5 Fighting
 + Level 7.8 Ranged Weapons
 - Level 2.4 Dodging
 - Level 1.2 Stealth


You had 3 spell levels left.
You didn't know any spells.
Your spell library was empty.

Inventory:

Hand Weapons
 Y - a +1 shortbow (weapon)
Armour
 c - a +0 helmet
 d - a +1 hat (worn)
 i - a +0 ring mail (worn)
Jewellery
 h - a ring of positive energy
Scrolls
 b - a scroll of identify
 g - a scroll of teleportation
Potions
 a - a potion of attraction {unknown}
 e - a potion of enlightenment {unknown}
 f - a potion of mutation {unknown}
 m - a potion of lignification {unknown}

Dungeon Overview and Level Annotations

Branches:
Dungeon (2/15)

Altars:

Shops:
D:2 :


Message History

Enter note:
Enter note:
Enter note:
Enter note: You shoot an arrow.
The arrow hits the gnoll!
The gnoll shouts!
The gnoll is heavily wounded.
You hear a shout!
A gnoll comes into view. It is wielding a +0 halberd.
You shoot an arrow. The arrow barely misses the gnoll.
You shoot an arrow. The arrow closely misses the gnoll.
A quokka comes into view.
You shoot an arrow. The arrow hits the gnoll.
The gnoll is severely wounded.
You shoot an arrow. The arrow barely misses the gnoll.
The arrow hits the gnoll.
The gnoll is moderately wounded.
A gnoll comes into view. It is wielding a +0 halberd.
The gnoll hits you but does no damage.
You shoot an arrow. The arrow hits the gnoll.
The gnoll is almost dead.
The gnoll barely misses you.
You shoot an arrow. The arrow hits the gnoll.
You kill the gnoll!
The gnoll hits you from afar with a +0 halberd!
You shoot an arrow. The arrow hits the gnoll!
The gnoll is almost dead.
The gnoll barely misses you.
The gnoll hits you from afar with a +0 halberd!
1111 ||| READING 2 scrolls of teleportation.
As you read the scroll of teleportation, it crumbles to dust.
You feel strangely unstable. The quokka barely misses you.
The gnoll barely misses you. The gnoll closely misses you.
You shoot an arrow. The arrow hits the quokka!
You kill the quokka!
You hear a shout!
The gnoll closely misses you.
A gnoll comes into view. It is wielding a +0 club.
The gnoll hits you from afar with a +0 halberd!
You die...

.......................#
.........####.##.....#.#####
....# #.....##.......# ....#
###.....###......# #..##
##.......#........#
#..#######.....#....#....###
#....#......##.....##..###
#.........#.###....##.##
............# #.@...#.#
...........###........#
...........# #.gg#.####
...........#....##...
.............#.# ##g..
....#..##..###. <....
#...#)..#.## #. .....
#.#.#.#...# .. ....
..#...#...#


You could see 3 gnolls.

Vanquished Creatures
  Robin (D:2)
  An adder (D:2)
  2 gnolls
  A dart slug (D:1)
  5 ball pythons (D:1)
  8 endoplasms
  3 giant cockroaches (D:1)
  10 goblins (D:2)
  5 hobgoblins
  4 kobolds
  A quokka (D:2)
  3 bats
  2 frilled lizards (D:1)
  4 rats (D:1)
50 creatures vanquished.

Notes
Turn   | Place    | Note
-------+----------+-------------------------------------------
     0 | D:1      | qw the Deep Elf Hunter began the quest for the Orb.
     0 | D:1      | Reached XP level 1. HP: 12/12 MP: 3/3
     0 | D:1      | 0 ||| qw: Version: 0.3-a-9-g12657ce
     0 | D:1      | 0 ||| qw: Game counter: 3155
     0 | D:1      | 0 ||| qw: Always use a shield: true
     0 | D:1      | 0 ||| qw: God list: Okawaru
     0 | D:1      | 0 ||| qw: Allow faded altars: false
     0 | D:1      | 0 ||| qw: Do Orc after D:15 true
     0 | D:1      | 0 ||| qw: Do second Lair branch before Depths: true
     0 | D:1      | 0 ||| qw: Lair rune preference: random
     0 | D:1      | 0 ||| qw: Plans: Normal
     0 | D:1      | 0 ||| PLANNING D:1-11
    91 | D:1      | Reached XP level 2. HP: 16/16 MP: 4/4
    95 | D:1      | Reached skill level 6 in Ranged Weapons
   384 | D:1      | 384 ||| UPGRADING to +1 hat.
   421 | D:1      | 421 ||| UPGRADING to +0 ring mail.
   431 | D:1      | 431 ||| DROPPING +0 leather armour.
   483 | D:1      | Reached XP level 3. HP: 20/20 MP: 5/5
   772 | D:1      | 772 ||| READING scroll labelled NOMMOF NOPUELL.
   776 | D:1      | 776 ||| READING scroll labelled YPNALE VYLOMO.
   777 | D:1      | 777 ||| READING scroll labelled JARI ZOLOSS.
   778 | D:1      | 778 ||| READING scroll labelled REDAOFRAROC.
   779 | D:1      | 779 ||| READING scroll labelled PETZUE SISULEJ.
   780 | D:1      | 780 ||| READING scroll labelled JIUXUO ERESCH.
   881 | D:1      | 881 ||| READING scroll labelled RUH QUHICIS.
   882 | D:1      | 882 ||| DROPPING scroll of butterflies.
   911 | D:2      | Reached skill level 7 in Ranged Weapons
   936 | D:2      | Noticed Robin
   948 | D:2      | Killed Robin
   949 | D:2      | Reached XP level 4. HP: 13/25 MP: 6/6
  1042 | D:2      | Found Viqoygg's Book Shoppe.
  1110 | D:2      | HP: 2/25 [gnoll/+0 halberd (12)]
  1111 | D:2      | 1111 ||| READING 2 scrolls of teleportation.
  1112 | D:2      | Slain by a gnoll

Levels and vault maps discovered:
D:1:      psy_arrival_spokes, layout_loops_ring, dk_noncrumbling_4,
          corexii_hall_statues_x
D:2:      layout_rooms, serial_shops, nicolae_square_shop, uniq_robin

Skill      XL: |  1  2  3 |
---------------+----------+-----
Ranged Weapons | 6 7 |  7.8
Fighting       | |  1.5
Dodging        | |  2.4
Stealth        | |  1.2

Action                     |  1- 3 |  4- 6 || total
---------------------------+-------+-------++-------
   Fire: Shortbow          |   119 |    20 ||   139
    Use: Scroll            |     7 |     1 ||     8
 Armour: Leather armour    |     9 |       ||     9
         Ring mail         |    12 |     8 ||    20
  Dodge: Dodged            |    29 |    14 ||    43

Table legend:
 A = Non-vault XP
 B = Vault XP
 C = Vault XP percentage of total XP
 D = Non-vault monster count
 E = Vault monster count
 F = Vault count percentage of total count
                 A         B        C        D         E       F
            +---------+---------+-------+---------+---------+-------
      Total |      97 |      38 |  28.1 |      37 |      13 |  26.0
            +---------+---------+-------+---------+---------+-------
        D:1 |      58 |       0 |   0.0 |      29 |       0 |   0.0
        D:2 |      39 |      38 |  49.4 |       8 |      13 |  61.9
            +---------+---------+-------+---------+---------+-------
